Manchester Monarchs vs Drummondville Voltigeurs

Created - 13 décembre 2023 at 19:49

Goals
1 2 3 T
Manchester Monarchs 2 4 2 8
Drummondville Voltigeurs 2 0 2 4
Shots
1 2 3 T
Manchester Monarchs 6 19 5 30
Drummondville Voltigeurs 4 11 16 31

GoalsPenalties
1st period
1. Manchester Monarchs , Connor Bunnaman 5 (Cole Guttman 33, Brendan Lemieux 20) at 0:10
2. Drummondville Voltigeurs , Martin Chromiak 15 (Simon Holmstrom 12) at 11:35
3. Manchester Monarchs , Brendan Lemieux 27 (Jacob Christiansen 22) at 13:45
4. Drummondville Voltigeurs , Boris Katchouk 28 (Jean-Sebastien Dea 40, Julien Gauthier 14) at 13:55
No Penalty
2nd period
5. Manchester Monarchs , Brendan Lemieux 28 (Cole Guttman 34, Marcus Bjork 23) at 1:05
6. Manchester Monarchs , Connor Bunnaman 6 (Brendan Lemieux 21) at 7:49
7. Manchester Monarchs , William Eklund 10 (Elliot Desnoyers 21) at 9:24
8. Manchester Monarchs , Adam Beckman 17 (William Eklund 20, Marcus Bjork 24) at 10:42
Boris Katchouk (VOL) for Hooking (Minor) at 2:44
Brandon Davidson (VOL) for Fighting (Major) at 7:15
Daemon Hunt (MON) for Fighting (Major) at 7:15
Julien Gauthier (VOL) for Fighting (Major) at 10:43
Connor Bunnaman (MON) for Fighting (Major) at 10:43
Connor Bunnaman (MON) for instigated a fight (Minor) at 10:43
Connor Bunnaman (MON) for instigated a fight (10 Minutes Misconduct) at 10:43
Mitchell Chaffee (VOL) for Slashing (Minor) at 17:25
3rd period
9. Manchester Monarchs , Brendan Lemieux 29 (Cole Guttman 35) at 0:12
10. Manchester Monarchs , Cole Guttman 13 (Brendan Lemieux 22) at 4:05
11. Drummondville Voltigeurs , Boris Katchouk 29 (Jean-Sebastien Dea 41, Mitchell Chaffee 14) at 11:34
12. Drummondville Voltigeurs , Martin Chromiak 16 (Simon Nemec 14) at 17:38
Martin Chromiak (VOL) for Fighting (Major) at 3:53
Daemon Hunt (MON) for Fighting (Major) at 3:53
Kevin Connauton (MON) for Interference (Minor) at 7:01
Simon Nemec (VOL) for Fighting (Major) at 9:26
Brendan Lemieux (MON) for Fighting (Major) at 9:26
Marcus Bjork (MON) for Boarding (Minor) at 11:37
Walker Duehr (MON) for Hooking (Minor) at 18:10
Goalie Stats
Erik Kallgren (MON), 27 saves from 31 shots - (0,871), W, 4-1-0, 60:00 minutes
Jaxson Stauber (VOL), 12 saves from 16 shots - (0,750), 43:44 minutes
Zachary Fucale (VOL), 10 saves from 14 shots - (0,714), L, 2-2-0, 16:16 minutes
3 StarsOfficial
1 - Brendan Lemieux (MON)
2 - Cole Guttman (MON)
3 - Marcus Bjork (MON)
Referees : Kelly Sutherland and Sean MacFarlane
Linesman : Brian Murphy and Stephen Drain
Game Note
Brandon Davidson beats up Daemon Hunt at 7:15 of 2nd period
Zachary Fucale enters game at 7:49 of 2nd period
Julien Gauthier and Connor Bunnaman fight to a draw at 10:43 of 2nd period
Brendan Lemieux has scored a Hat Trick!
Daemon Hunt beats up Martin Chromiak at 3:53 of 3rd period
Jaxson Stauber enters game at 4:05 of 3rd period
Simon Nemec and Brendan Lemieux fight to a draw at 9:26 of 3rd period
Finance
Level 1 -- Attendance: 1487 (74,35%) -- Ticket Income $52,045
Level 2 -- Attendance: 927 (92,70%) -- Ticket Income $13,905
Total Attendance: 2414 (80,47%)
Total Ticket Income: $65,950
Other Income: $32,316
Total Income: $98,266



Team Name Goals Shots Shots Attemp Shots Blocked PIM HIT PP PK FO%
Manchester Monarchs 830571538250 / 2 (0%)055%
Drummondville Voltigeurs 43169724130 / 4 (0%)045%

Manchester Monarchs
Player Name POS G A P +/- PIM HIT SHT SB MP PP MP PP SHT PK MP PK SHT FO% FOT GA TA
Adam BeckmanC/LW1011023011:390:0000:0000% 000
Angus CrookshankLW0001030012:310:0000:2000% 000
Brady KeeperD0000020315:010:0003:1200% 001
Brendan LemieuxLW/RW3364516218:541:4212:34050% 400
Cole GuttmanC1343003221:291:5113:37056% 2524
Cole ReinhardtLW000000004:590:0000:0000% 000
Connor BunnamanC/LW20211712014:580:0000:00050% 211
Connor McMichaelC/LW000000108:111:5103:39167% 310
Daemon HuntD000-21000222:172:0701:4900% 001
David GustafssonC0000021016:442:0710:00050% 1601
Elliot DesnoyersC/LW0110020020:202:0703:400100% 101
Filip KralD0001010012:230:0001:2800% 001
Jacob ChristiansenD0113020123:501:5103:3900% 011
Kevin ConnautonD0002203023:022:0712:4400% 020
Marcus BjorkD0224222224:181:5112:5000% 001
Mathias Emilio PettersenC/LW/RW0002001010:350:0900:2700% 100
Walker DuehrRW0000241216:342:0700:00050% 210
William EklundC/LW1120037114:320:0001:15075% 410
Drummondville Voltigeurs
Player Name POS G A P +/- PIM HIT SHT SB MP PP MP PP SHT PK MP PK SHT FO% FOT GA TA
Boris KatchoukLW202-1216020:423:5800:5600% 031
Brady LyleD000-1011014:520:4000:0000% 003
Brandon DavidsonD0000500012:360:0000:0000% 001
Gage GoncalvesC000-2012014:401:3210:30050% 201
Jake NeighboursLW0000012017:133:3401:5400% 010
Jean-Sebastien DeaC022-1003221:324:0412:05039% 3610
Julien GauthierRW011-1531017:422:5000:0000% 100
Kevin RooneyC/LW0000003017:363:3712:02071% 1400
Kristian ReichelC000-101109:040:1300:00025% 400
Markus NiemelainenD000-3011026:195:0301:5400% 011
Martin ChromiakRW2020502013:492:3600:0000% 110
Michal TeplyLW/RW000-100108:500:0000:0000% 011
Mitchell ChaffeeRW011-2212012:050:0000:0000% 000
Pierre-Olivier JosephD000-3011126:195:0301:5400% 010
Sampo RantaLW/RW000-2001113:550:5400:2900% 010
Simon HolmstromRW011-100308:500:0000:0000% 010
Simon NemecD0110510218:312:0302:0400% 010
Ville HeinolaD000-1011121:212:4312:0400% 001

Manchester Monarchs

5 vs 5 Forward
Line #Left WingCenterRight WingPHYDFOFWanted %Time %Time Play
1Connor BunnamanCole GuttmanBrendan Lemieux0143433%15:48
2Elliot DesnoyersDavid GustafssonWalker Duehr0143433%15:50
3Adam BeckmanWilliam EklundAngus Crookshank1222424%11:39
4Cole ReinhardtConnor BunnamanMathias Emilio Pettersen122810%4:59
5 vs 5 Defense
Line #DefenseDefensePHYDFOFWanted %Time %Time Play
1Marcus BjorkJacob Christiansen0233737%17:53
2Kevin ConnautonDaemon Hunt0233737%17:50
3Daemon HuntBrady Keeper0322625%12:00
4Marcus BjorkJacob Christiansen12201%0:33
Power Play Forward
Line #Left WingCenterRight WingPHYDFOFWanted %Time %Time Play
1Connor McMichaelCole GuttmanBrendan Lemieux1045047%1:51
2Elliot DesnoyersDavid GustafssonWalker Duehr1045053%2:07
Power Play Defense
Line #DefenseDefensePHYDFOFWanted %Time %Time Play
1Marcus BjorkJacob Christiansen1045047%1:51
2Kevin ConnautonDaemon Hunt1045053%2:07
Penalty Kill 4 Players Forward
Line #CenterWingPHYDFOFWanted %Time %Time Play
1Cole GuttmanElliot Desnoyers1405049%3:47
2Connor McMichaelBrendan Lemieux1405051%3:59
Penalty Kill 4 Players Defense
Line #DefenseDefensePHYDFOFWanted %Time %Time Play
1Marcus BjorkJacob Christiansen1405039%3:03
2Kevin ConnautonDaemon Hunt1405061%4:43
Penalty Kill 3 Players
Line #WingPHYDFOFWanted %Time %Time PlayDefenseDefensePHYDFOFWanted %Time %Time Play
1Cole Reinhardt122600%0:00 Marcus BjorkJacob Christiansen122600%0:00
2Connor McMichael122400%0:00 Kevin ConnautonDaemon Hunt122400%0:00
4 vs 4 Forward
Line #CenterWingPHYDFOFWanted %Time %Time Play
1William EklundAdam Beckman023500%0:00
2Connor BunnamanCole Reinhardt023500%0:00
4 vs 4 Defense
Line #DefensePHYDFOFWanted %Time %Time Play
1Daemon HuntBrady Keeper032500%0:00
2Kevin ConnautonDaemon Hunt032500%0:00
Last Minutes Offensive
Left WingCenterRight WingDefenseDefense
Connor McMichaelCole GuttmanBrendan LemieuxMarcus BjorkJacob Christiansen
Last Minutes Defensive
Left WingCenterRight WingDefenseDefense
Connor McMichaelCole GuttmanBrendan LemieuxMarcus BjorkJacob Christiansen
Time
Total ForwardTotal DefenseLast Minutes OffensiveLast Minutes Defensive
60:00 60:00 0:000:00
Extra Forwards
Normal PowerPlayPenalty Kill
Mathias Emilio Pettersen, William Eklund, Connor McMichaelMathias Emilio Pettersen, William EklundWilliam Eklund
Extra Defensemen
Normal PowerPlayPenalty Kill
Filip Kral, Brady Keeper, Kevin ConnautonFilip Kral, Brady KeeperKevin Connauton
Penalty Shots
Brendan Lemieux, Connor McMichael, Angus Crookshank, Elliot Desnoyers, Mathias Emilio Pettersen
Goalie
Erik Kallgren, Matthew Murray
Scratches
Devante Stephens (Healthy), Tanner Laczynski (Healthy), Riley Damiani (Healthy), Maxim Marushev (Healthy), Justin Sourdif (Healthy) Carter Savoie (Healthy), Jakub Skarek (Healthy)

Drummondville Voltigeurs

5 vs 5 Forward
Line #Left WingCenterRight WingPHYDFOFWanted %Time %Time Play
1Boris KatchoukJean-Sebastien DeaJulien Gauthier1224033%15:50
2Jake NeighboursKevin RooneyMartin Chromiak1223024%11:44
3Sampo RantaGage GoncalvesMitchell Chaffee1222025%11:52
4Michal TeplyKristian ReichelSimon Holmstrom1221018%8:50
5 vs 5 Defense
Line #DefenseDefensePHYDFOFWanted %Time %Time Play
1Pierre-Olivier JosephMarkus Niemelainen1223736%17:20
2Simon NemecVille Heinola1223034%16:16
3Brady LyleBrandon Davidson1222326%12:38
4Pierre-Olivier JosephMarkus Niemelainen122104%2:02
Power Play Forward
Line #Left WingCenterRight WingPHYDFOFWanted %Time %Time Play
1Boris KatchoukJean-Sebastien DeaJulien Gauthier1226060%4:39
2Jake NeighboursKevin RooneyMartin Chromiak1224040%3:07
Power Play Defense
Line #DefenseDefensePHYDFOFWanted %Time %Time Play
1Pierre-Olivier JosephMarkus Niemelainen1226065%5:03
2Simon NemecVille Heinola1224035%2:43
Penalty Kill 4 Players Forward
Line #CenterWingPHYDFOFWanted %Time %Time Play
1Jean-Sebastien DeaBoris Katchouk1226074%2:55
2Kevin RooneyJake Neighbours1224026%1:03
Penalty Kill 4 Players Defense
Line #DefenseDefensePHYDFOFWanted %Time %Time Play
1Pierre-Olivier JosephMarkus Niemelainen1226048%1:54
2Simon NemecVille Heinola1224052%2:04
Penalty Kill 3 Players
Line #WingPHYDFOFWanted %Time %Time PlayDefenseDefensePHYDFOFWanted %Time %Time Play
1Jean-Sebastien Dea122600%0:00 Pierre-Olivier JosephMarkus Niemelainen122600%0:00
2Kevin Rooney122400%0:00 Simon NemecVille Heinola122400%0:00
4 vs 4 Forward
Line #CenterWingPHYDFOFWanted %Time %Time Play
1Jean-Sebastien DeaBoris Katchouk122600%0:00
2Kevin RooneyJake Neighbours122400%0:00
4 vs 4 Defense
Line #DefensePHYDFOFWanted %Time %Time Play
1Pierre-Olivier JosephMarkus Niemelainen122600%0:00
2Simon NemecVille Heinola122400%0:00
Last Minutes Offensive
Left WingCenterRight WingDefenseDefense
Boris KatchoukJean-Sebastien DeaJulien GauthierPierre-Olivier JosephMarkus Niemelainen
Last Minutes Defensive
Left WingCenterRight WingDefenseDefense
Boris KatchoukJean-Sebastien DeaJulien GauthierPierre-Olivier JosephMarkus Niemelainen
Time
Total ForwardTotal DefenseLast Minutes OffensiveLast Minutes Defensive
60:00 60:00 0:000:00
Extra Forwards
Normal PowerPlayPenalty Kill
Kevin Rooney, Gage Goncalves, Martin ChromiakKevin Rooney, Gage GoncalvesKevin Rooney
Extra Defensemen
Normal PowerPlayPenalty Kill
Ville Heinola, Brady Lyle, Brandon DavidsonVille Heinola, Ville HeinolaBrady Lyle
Penalty Shots
Boris Katchouk, Julien Gauthier, Jake Neighbours, Jean-Sebastien Dea, Kevin Rooney
Goalie
Jaxson Stauber, Zachary Fucale
Scratches
Xavier Ouellet (Healthy), Scott Perunovich (Healthy), Blade Jenkins (Healthy), Luke Henman (Healthy), Matt Bartkowski (Healthy) Adam Brubacher (Healthy), Xavier Bouchard (Healthy), Chaz Lucius (Healthy), Arturs Silovs (Healthy)


Play-by-Play

1st period


0:01 of 1st period - Cole Guttman wins face-off versus Jean-Sebastien Dea in neutral zone.
0:10 of 1st period - Backhand shot by Cole Guttman.
0:10 of 1st period - Deflect By Connor Bunnaman.
0:10 of 1st period - Goal by Connor Bunnaman - Manchester Monarchs : 1 - Drummondville Voltigeurs : 0.
0:11 of 1st period - Kevin Rooney wins face-off versus David Gustafsson in neutral zone.
0:37 of 1st period - Sampo Ranta is hit by William Eklund and loses puck.
1:07 of 1st period - Connor Bunnaman is hit by Boris Katchouk and loses puck.
1:16 of 1st period - Julien Gauthier is hit by Brendan Lemieux and loses puck.
1:51 of 1st period - Icing by Brady Lyle.
1:52 of 1st period - David Gustafsson wins face-off versus Julien Gauthier in Drummondville Voltigeurs zone.
2:15 of 1st period - Slapshot by William Eklund.
2:15 of 1st period - Shot Misses the Net.
2:17 of 1st period - Slapshot by Kevin Connauton.
2:17 of 1st period - Stopped by Jaxson Stauber with a rebound.
2:19 of 1st period - Slapshot by Kevin Connauton.
2:19 of 1st period - Shot Misses the Net.
2:21 of 1st period - Slapshot by Kevin Connauton.
2:21 of 1st period - Deflect By William Eklund.
2:21 of 1st period - Shot Misses the Net.
2:21 of 1st period - Puck is out of play.
2:22 of 1st period - Kevin Rooney wins face-off versus David Gustafsson in Drummondville Voltigeurs zone.
2:47 of 1st period - Adam Beckman is hit by Markus Niemelainen and loses puck.
5:44 of 1st period - Icing by Ville Heinola.
5:45 of 1st period - Gage Goncalves wins face-off versus William Eklund in Drummondville Voltigeurs zone.
5:45 of 1st period - Gage Goncalves is hit by Adam Beckman.
6:07 of 1st period - Pierre-Olivier Joseph is hit by William Eklund and loses puck.
6:25 of 1st period - Slapshot by Adam Beckman.
6:25 of 1st period - Shot Misses the Net.
6:27 of 1st period - Snap shot by Adam Beckman.
6:27 of 1st period - Stopped by Jaxson Stauber with a rebound.
6:29 of 1st period - Wrist shot by William Eklund.
6:29 of 1st period - Stopped by Jaxson Stauber without a rebound.
6:30 of 1st period - Jean-Sebastien Dea wins face-off versus Cole Guttman in Drummondville Voltigeurs zone.
6:41 of 1st period - Snap shot by Jean-Sebastien Dea.
6:41 of 1st period - Shot Blocked by Cole Guttman.
6:59 of 1st period - Snap shot by Elliot Desnoyers.
6:59 of 1st period - Shot Misses the Net.
7:03 of 1st period - Snap shot by Walker Duehr.
7:03 of 1st period - Shot Misses the Net.
8:31 of 1st period - Jean-Sebastien Dea is hit by Elliot Desnoyers and loses puck.
8:42 of 1st period - Brandon Davidson is hit by Adam Beckman and loses puck.
9:27 of 1st period - Marcus Bjork is hit by Jake Neighbours and loses puck.
10:34 of 1st period - Snap shot by Cole Guttman.
10:34 of 1st period - Shot Misses the Net.
11:12 of 1st period - Snap shot by Julien Gauthier.
11:12 of 1st period - Shot Misses the Net.
11:35 of 1st period - Slapshot by Martin Chromiak.
11:35 of 1st period - Goal by Martin Chromiak - Manchester Monarchs : 1 - Drummondville Voltigeurs : 1.
11:36 of 1st period - Connor Bunnaman wins face-off versus Jean-Sebastien Dea in neutral zone.
12:02 of 1st period - Martin Chromiak is hit by Elliot Desnoyers and loses puck.
12:23 of 1st period - Gage Goncalves is hit by Angus Crookshank and loses puck.
12:45 of 1st period - Snap shot by Connor Bunnaman.
12:45 of 1st period - Shot Misses the Net.
13:09 of 1st period - Snap shot by Boris Katchouk.
13:09 of 1st period - Shot Misses the Net.
13:12 of 1st period - Icing by Elliot Desnoyers.
13:13 of 1st period - David Gustafsson wins face-off versus Jean-Sebastien Dea in Manchester Monarchs zone.
13:18 of 1st period - Julien Gauthier is hit by Walker Duehr and loses puck.
13:29 of 1st period - Snap shot by Elliot Desnoyers.
13:29 of 1st period - Deflect By David Gustafsson.
13:29 of 1st period - Shot Blocked by Pierre-Olivier Joseph.
13:29 of 1st period - Puck is out of play.
13:30 of 1st period - Kevin Rooney wins face-off versus Cole Guttman in Drummondville Voltigeurs zone.
13:45 of 1st period - Snap shot by Brendan Lemieux.
13:45 of 1st period - Goal by Brendan Lemieux - Manchester Monarchs : 2 - Drummondville Voltigeurs : 1.
13:46 of 1st period - Jean-Sebastien Dea wins face-off versus Cole Guttman in neutral zone.
13:55 of 1st period - Snap shot by Boris Katchouk.
13:55 of 1st period - Goal by Boris Katchouk - Manchester Monarchs : 2 - Drummondville Voltigeurs : 2.
13:56 of 1st period - Cole Guttman wins face-off versus Jean-Sebastien Dea in neutral zone.
16:01 of 1st period - Pierre-Olivier Joseph is hit by Walker Duehr and loses puck.
16:23 of 1st period - Markus Niemelainen is hit by Jacob Christiansen.
16:33 of 1st period - Slapshot by Simon Holmstrom.
16:33 of 1st period - Stopped by Erik Kallgren with a rebound.
16:53 of 1st period - William Eklund is hit by Mitchell Chaffee and loses puck.
17:10 of 1st period - Marcus Bjork is hit by Julien Gauthier and loses puck.
17:17 of 1st period - Snap shot by Jean-Sebastien Dea.
17:17 of 1st period - Shot Misses the Net.
17:25 of 1st period - Marcus Bjork is hit by Julien Gauthier and loses puck.
17:39 of 1st period - Wrist shot by Walker Duehr.
17:39 of 1st period - Shot Blocked by Jean-Sebastien Dea.
17:41 of 1st period - Snap shot by Walker Duehr.
17:41 of 1st period - Shot Misses the Net.
17:43 of 1st period - Slapshot by Jacob Christiansen.
17:43 of 1st period - Deflect By Elliot Desnoyers.
17:43 of 1st period - Shot Misses the Net.
17:43 of 1st period - Puck is out of play.
17:44 of 1st period - William Eklund wins face-off versus Kevin Rooney in Drummondville Voltigeurs zone.
17:45 of 1st period - Slapshot by Adam Beckman.
17:45 of 1st period - Stopped by Jaxson Stauber with a rebound.
17:51 of 1st period - Snap shot by Kevin Rooney.
17:51 of 1st period - Shot Misses the Net.
17:57 of 1st period - Snap shot by Kevin Rooney.
17:57 of 1st period - Shot Blocked by Daemon Hunt.
17:59 of 1st period - Slapshot by Ville Heinola.
17:59 of 1st period - Shot Misses the Net.
18:26 of 1st period - Snap shot by Michal Teply.
18:26 of 1st period - Deflect By Simon Holmstrom.
18:26 of 1st period - Stopped by Erik Kallgren with a rebound.
18:52 of 1st period - Wrist shot by Jean-Sebastien Dea.
18:52 of 1st period - Shot Misses the Net.
19:05 of 1st period - Off-side.
19:06 of 1st period - Kevin Rooney wins face-off versus David Gustafsson in neutral zone.
19:15 of 1st period - Jake Neighbours is hit by Marcus Bjork and loses puck.
19:20 of 1st period - Slapshot by Marcus Bjork.
19:20 of 1st period - Shot Misses the Net.
19:39 of 1st period - Jean-Sebastien Dea is hit by William Eklund and loses puck.
Goals for this period are 2 for Manchester Monarchs vs 2 for Drummondville Voltigeurs.
Shots for this period are 6 for Manchester Monarchs vs 4 for Drummondville Voltigeurs.

2nd period


0:01 of 2nd period - Cole Guttman wins face-off versus Jean-Sebastien Dea in neutral zone.
0:08 of 2nd period - Snap shot by Cole Guttman.
0:08 of 2nd period - Stopped by Jaxson Stauber with a rebound.
0:26 of 2nd period - Jacob Christiansen is hit by Pierre-Olivier Joseph and loses puck.
0:37 of 2nd period - Snap shot by Sampo Ranta.
0:37 of 2nd period - Stopped by Erik Kallgren with a rebound.
0:51 of 2nd period - Snap shot by Brendan Lemieux.
0:51 of 2nd period - Stopped by Jaxson Stauber with a rebound.
1:05 of 2nd period - Wrist shot by Brendan Lemieux.
1:05 of 2nd period - Goal by Brendan Lemieux - Manchester Monarchs : 3 - Drummondville Voltigeurs : 2.
1:06 of 2nd period - Jean-Sebastien Dea wins face-off versus David Gustafsson in neutral zone.
1:09 of 2nd period - Snap shot by Boris Katchouk.
1:09 of 2nd period - Stopped by Erik Kallgren without a rebound.
1:10 of 2nd period - David Gustafsson wins face-off versus Jean-Sebastien Dea in Manchester Monarchs zone.
1:46 of 2nd period - Snap shot by William Eklund.
1:46 of 2nd period - Stopped by Jaxson Stauber with a rebound.
2:33 of 2nd period - Off-side.
2:34 of 2nd period - Cole Guttman wins face-off versus Jean-Sebastien Dea in neutral zone.
2:44 of 2nd period - Minor Penalty to Boris Katchouk for Hooking.
2:45 of 2nd period - Cole Guttman wins face-off versus Jean-Sebastien Dea in Drummondville Voltigeurs zone.
3:01 of 2nd period - Wrist shot by Brendan Lemieux.
3:01 of 2nd period - Stopped by Jaxson Stauber with a rebound.
4:41 of 2nd period - Daemon Hunt is hit by Simon Nemec and loses puck.
4:44 of 2nd period - Penalty to Boris Katchouk is over, Boris Katchouk is back on ice.
5:04 of 2nd period - Ville Heinola is hit by Marcus Bjork and loses puck.
5:09 of 2nd period - Slapshot by William Eklund.
5:09 of 2nd period - Stopped by Jaxson Stauber without a rebound.
5:10 of 2nd period - William Eklund wins face-off versus Kristian Reichel in Drummondville Voltigeurs zone.
5:11 of 2nd period - Wrist shot by Angus Crookshank.
5:11 of 2nd period - Shot Misses the Net.
5:18 of 2nd period - Off-side.
5:19 of 2nd period - David Gustafsson wins face-off versus Kristian Reichel in neutral zone.
5:29 of 2nd period - Elliot Desnoyers is hit by Brady Lyle and loses puck.
5:38 of 2nd period - Snap shot by Michal Teply.
5:38 of 2nd period - Deflect By Simon Holmstrom.
5:38 of 2nd period - Shot Misses the Net.
5:38 of 2nd period - Puck is out of play.
5:39 of 2nd period - Cole Guttman wins face-off versus Jean-Sebastien Dea in Manchester Monarchs zone.
5:49 of 2nd period - Off-side.
5:50 of 2nd period - David Gustafsson wins face-off versus Jean-Sebastien Dea in neutral zone.
6:42 of 2nd period - Snap shot by Gage Goncalves.
6:42 of 2nd period - Deflect By Mitchell Chaffee.
6:42 of 2nd period - Shot Misses the Net.
6:42 of 2nd period - Puck is out of play.
6:43 of 2nd period - David Gustafsson wins face-off versus Gage Goncalves in Manchester Monarchs zone.
6:48 of 2nd period - Snap shot by Gage Goncalves.
6:48 of 2nd period - Shot Blocked by Daemon Hunt.
6:56 of 2nd period - Wrist shot by Mitchell Chaffee.
6:56 of 2nd period - Shot Blocked by Brady Keeper.
6:58 of 2nd period - Wrist shot by Sampo Ranta.
6:58 of 2nd period - Shot Misses the Net.
7:00 of 2nd period - Wrist shot by Gage Goncalves.
7:00 of 2nd period - Shot Blocked by Walker Duehr.
7:02 of 2nd period - Slapshot by Simon Nemec.
7:02 of 2nd period - Deflect By Sampo Ranta.
7:02 of 2nd period - Shot Misses the Net.
7:02 of 2nd period - Puck is out of play.
7:03 of 2nd period - Cole Guttman wins face-off versus Jean-Sebastien Dea in Manchester Monarchs zone.
7:08 of 2nd period - Snap shot by Julien Gauthier.
7:08 of 2nd period - Shot Blocked by Brendan Lemieux.
7:10 of 2nd period - Snap shot by Brady Lyle.
7:10 of 2nd period - Stopped by Erik Kallgren with a rebound.
7:12 of 2nd period - Slapshot by Jean-Sebastien Dea.
7:12 of 2nd period - Shot Misses the Net.
7:14 of 2nd period - Snap shot by Julien Gauthier.
7:14 of 2nd period - Shot Misses the Net.
7:15 of 2nd period - Brandon Davidson beats up Daemon Hunt.
7:15 of 2nd period - Penalty to Brandon Davidson for Fighting.
7:15 of 2nd period - Penalty to Daemon Hunt for Fighting.
7:16 of 2nd period - Jean-Sebastien Dea wins face-off versus David Gustafsson in Manchester Monarchs zone.
7:49 of 2nd period - Snap shot by Connor Bunnaman.
7:49 of 2nd period - Goal by Connor Bunnaman - Manchester Monarchs : 4 - Drummondville Voltigeurs : 2.
7:49 of 2nd period - Zachary Fucale enters game.
7:50 of 2nd period - Kevin Rooney wins face-off versus Brendan Lemieux in neutral zone.
7:53 of 2nd period - Slapshot by Jake Neighbours.
7:53 of 2nd period - Deflect By Kevin Rooney.
7:53 of 2nd period - Shot Misses the Net.
7:53 of 2nd period - Puck is out of play.
7:54 of 2nd period - Kevin Rooney wins face-off versus Cole Guttman in Manchester Monarchs zone.
7:59 of 2nd period - Slapshot by Jake Neighbours.
7:59 of 2nd period - Deflect By Kevin Rooney.
7:59 of 2nd period - Stopped by Erik Kallgren with a rebound.
8:01 of 2nd period - Slapshot by Markus Niemelainen.
8:01 of 2nd period - Stopped by Erik Kallgren with a rebound.
8:03 of 2nd period - Slapshot by Pierre-Olivier Joseph.
8:03 of 2nd period - Shot Misses the Net.
8:05 of 2nd period - Slapshot by Pierre-Olivier Joseph.
8:05 of 2nd period - Shot Blocked by Brendan Lemieux.
8:07 of 2nd period - Wrist shot by Kevin Rooney.
8:07 of 2nd period - Shot Blocked by Brady Keeper.
8:09 of 2nd period - Wrist shot by Kevin Rooney.
8:09 of 2nd period - Stopped by Erik Kallgren with a rebound.
8:27 of 2nd period - Slapshot by Boris Katchouk.
8:27 of 2nd period - Shot Misses the Net.
8:46 of 2nd period - Snap shot by William Eklund.
8:46 of 2nd period - Stopped by Zachary Fucale with a rebound.
8:48 of 2nd period - Wrist shot by Angus Crookshank.
8:48 of 2nd period - Shot Blocked by Simon Nemec.
8:50 of 2nd period - Snap shot by Angus Crookshank.
8:50 of 2nd period - Deflect By Adam Beckman.
8:50 of 2nd period - Shot Blocked by Ville Heinola.
8:50 of 2nd period - Puck is out of play.
8:51 of 2nd period - Brendan Lemieux wins face-off versus Kevin Rooney in Drummondville Voltigeurs zone.
8:54 of 2nd period - Wrist shot by Cole Guttman.
8:54 of 2nd period - Deflect By Brendan Lemieux.
8:54 of 2nd period - Shot Hit the Post.
8:54 of 2nd period - Puck is out of play.
8:55 of 2nd period - Kevin Rooney wins face-off versus Cole Guttman in Drummondville Voltigeurs zone.
9:10 of 2nd period - Wrist shot by Brendan Lemieux.
9:10 of 2nd period - Shot Misses the Net.
9:22 of 2nd period - Snap shot by William Eklund.
9:22 of 2nd period - Shot Misses the Net.
9:24 of 2nd period - Wrist shot by William Eklund.
9:24 of 2nd period - Goal by William Eklund - Manchester Monarchs : 5 - Drummondville Voltigeurs : 2.
9:25 of 2nd period - Jean-Sebastien Dea wins face-off versus David Gustafsson in neutral zone.
9:32 of 2nd period - Wrist shot by Boris Katchouk.
9:32 of 2nd period - Stopped by Erik Kallgren with a rebound.
9:34 of 2nd period - Slapshot by Pierre-Olivier Joseph.
9:34 of 2nd period - Stopped by Erik Kallgren without a rebound.
9:35 of 2nd period - Walker Duehr wins face-off versus Jean-Sebastien Dea in Manchester Monarchs zone.
9:54 of 2nd period - Walker Duehr is hit by Julien Gauthier and loses puck.
10:09 of 2nd period - Wrist shot by Walker Duehr.
10:09 of 2nd period - Stopped by Zachary Fucale without a rebound.
10:10 of 2nd period - Cole Guttman wins face-off versus Martin Chromiak in Drummondville Voltigeurs zone.
10:42 of 2nd period - Wrist shot by William Eklund.
10:42 of 2nd period - Deflect By Adam Beckman.
10:42 of 2nd period - Goal by Adam Beckman - Manchester Monarchs : 6 - Drummondville Voltigeurs : 2.
10:43 of 2nd period - Cole Guttman wins face-off versus Jean-Sebastien Dea in neutral zone.
10:43 of 2nd period - Julien Gauthier and Connor Bunnaman fight to a draw.
10:43 of 2nd period - Penalty to Julien Gauthier for Fighting.
10:43 of 2nd period - Penalty to Connor Bunnaman for Fighting.
10:43 of 2nd period - Penalty to Connor Bunnaman for instigated a fight.
10:43 of 2nd period - Penalty to Connor Bunnaman for instigated a fight.
10:44 of 2nd period - Cole Guttman wins face-off versus Jean-Sebastien Dea in neutral zone.
10:59 of 2nd period - Snap shot by Kevin Rooney.
10:59 of 2nd period - Stopped by Erik Kallgren with a rebound.
11:19 of 2nd period - Snap shot by Connor McMichael.
11:19 of 2nd period - Stopped by Zachary Fucale with a rebound.
11:29 of 2nd period - Snap shot by Boris Katchouk.
11:29 of 2nd period - Deflect By Jean-Sebastien Dea.
11:29 of 2nd period - Stopped by Erik Kallgren with a rebound.
11:31 of 2nd period - Snap shot by Gage Goncalves.
11:31 of 2nd period - Stopped by Erik Kallgren with a rebound.
12:15 of 2nd period - Penalty to Daemon Hunt is over, Daemon Hunt is back on ice.
12:43 of 2nd period - Penalty to Connor Bunnaman is over, Mathias Emilio Pettersen is send on ice.
13:14 of 2nd period - Wrist shot by Mathias Emilio Pettersen.
13:14 of 2nd period - Stopped by Zachary Fucale with a rebound.
13:28 of 2nd period - Slapshot by Marcus Bjork.
13:28 of 2nd period - Stopped by Zachary Fucale with a rebound.
14:04 of 2nd period - Michal Teply is hit by Brady Keeper.
14:14 of 2nd period - Markus Niemelainen is hit by David Gustafsson and loses puck.
14:51 of 2nd period - Gage Goncalves is hit by Walker Duehr and loses puck.
15:51 of 2nd period - William Eklund is hit by Ville Heinola and loses puck.
17:02 of 2nd period - Icing by Ville Heinola.
17:03 of 2nd period - Cole Guttman wins face-off versus Kevin Rooney in Drummondville Voltigeurs zone.
17:25 of 2nd period - Minor Penalty to Mitchell Chaffee for Slashing.
17:26 of 2nd period - David Gustafsson wins face-off versus Jean-Sebastien Dea in Drummondville Voltigeurs zone.
17:26 of 2nd period - Wrist shot by Elliot Desnoyers.
17:26 of 2nd period - Shot Misses the Net.
18:42 of 2nd period - Kevin Rooney is hit by Walker Duehr and loses puck.
18:49 of 2nd period - Snap shot by David Gustafsson.
18:49 of 2nd period - Stopped by Zachary Fucale with a rebound.
18:51 of 2nd period - Snap shot by Elliot Desnoyers.
18:51 of 2nd period - Shot Blocked by Simon Nemec.
19:04 of 2nd period - Slapshot by Marcus Bjork.
19:04 of 2nd period - Stopped by Zachary Fucale with a rebound.
19:06 of 2nd period - Snap shot by Kevin Connauton.
19:06 of 2nd period - Stopped by Zachary Fucale without a rebound.
19:07 of 2nd period - Cole Guttman wins face-off versus Jean-Sebastien Dea in Drummondville Voltigeurs zone.
19:16 of 2nd period - Snap shot by Brendan Lemieux.
19:16 of 2nd period - Shot Blocked by Jean-Sebastien Dea.
19:18 of 2nd period - Slapshot by Daemon Hunt.
19:18 of 2nd period - Deflect By Cole Guttman.
19:18 of 2nd period - Stopped by Zachary Fucale without a rebound.
19:19 of 2nd period - Jean-Sebastien Dea wins face-off versus Cole Guttman in Drummondville Voltigeurs zone.
19:25 of 2nd period - Penalty to Mitchell Chaffee is over, Mitchell Chaffee is back on ice.
19:46 of 2nd period - Slapshot by William Eklund.
19:46 of 2nd period - Stopped by Zachary Fucale with a rebound.
Goals for this period are 4 for Manchester Monarchs vs 0 for Drummondville Voltigeurs.
Shots for this period are 19 for Manchester Monarchs vs 11 for Drummondville Voltigeurs.

3rd period


0:01 of 3rd period - Cole Guttman wins face-off versus Jean-Sebastien Dea in neutral zone.
0:12 of 3rd period - Wrist shot by Brendan Lemieux.
0:12 of 3rd period - Goal by Brendan Lemieux - Manchester Monarchs : 7 - Drummondville Voltigeurs : 2.
0:13 of 3rd period - Jean-Sebastien Dea wins face-off versus Mathias Emilio Pettersen in neutral zone.
0:22 of 3rd period - Snap shot by Julien Gauthier.
0:22 of 3rd period - Shot Blocked by Cole Guttman.
0:24 of 3rd period - Slapshot by Julien Gauthier.
0:24 of 3rd period - Stopped by Erik Kallgren with a rebound.
0:26 of 3rd period - Wrist shot by Boris Katchouk.
0:26 of 3rd period - Stopped by Erik Kallgren with a rebound.
0:28 of 3rd period - Wrist shot by Jean-Sebastien Dea.
0:28 of 3rd period - Stopped by Erik Kallgren without a rebound.
0:29 of 3rd period - Kevin Rooney wins face-off versus David Gustafsson in Manchester Monarchs zone.
0:30 of 3rd period - Slapshot by Jake Neighbours.
0:30 of 3rd period - Stopped by Erik Kallgren with a rebound.
0:38 of 3rd period - Snap shot by Jake Neighbours.
0:38 of 3rd period - Stopped by Erik Kallgren with a rebound.
1:19 of 3rd period - Ville Heinola is hit by Angus Crookshank and loses puck.
2:35 of 3rd period - Wrist shot by Kristian Reichel.
2:35 of 3rd period - Stopped by Erik Kallgren with a rebound.
2:37 of 3rd period - Wrist shot by Kristian Reichel.
2:37 of 3rd period - Shot Misses the Net.
2:39 of 3rd period - Slapshot by Kristian Reichel.
2:39 of 3rd period - Deflect By Michal Teply.
2:39 of 3rd period - Shot Blocked by Jacob Christiansen.
2:39 of 3rd period - Puck is out of play.
2:40 of 3rd period - David Gustafsson wins face-off versus Kevin Rooney in Manchester Monarchs zone.
2:46 of 3rd period - Icing by David Gustafsson.
2:47 of 3rd period - Kevin Rooney wins face-off versus David Gustafsson in Manchester Monarchs zone.
2:52 of 3rd period - Backhand shot by Kevin Rooney.
2:52 of 3rd period - Shot Misses the Net.
2:58 of 3rd period - Snap shot by Jake Neighbours.
2:58 of 3rd period - Shot Blocked by Marcus Bjork.
3:32 of 3rd period - Simon Nemec is hit by Jacob Christiansen and loses puck.
3:53 of 3rd period - Daemon Hunt beats up Martin Chromiak.
3:53 of 3rd period - Penalty to Martin Chromiak for Fighting.
3:53 of 3rd period - Penalty to Daemon Hunt for Fighting.
3:54 of 3rd period - Brendan Lemieux wins face-off versus Jean-Sebastien Dea in neutral zone.
4:05 of 3rd period - Wrist shot by Cole Guttman.
4:05 of 3rd period - Goal by Cole Guttman - Manchester Monarchs : 8 - Drummondville Voltigeurs : 2.
4:05 of 3rd period - Jaxson Stauber enters game.
4:06 of 3rd period - Jean-Sebastien Dea wins face-off versus Cole Guttman in neutral zone.
4:15 of 3rd period - Wrist shot by Brendan Lemieux.
4:15 of 3rd period - Stopped by Jaxson Stauber with a rebound.
4:17 of 3rd period - Wrist shot by Kevin Connauton.
4:17 of 3rd period - Stopped by Jaxson Stauber with a rebound.
4:19 of 3rd period - Slapshot by Kevin Connauton.
4:19 of 3rd period - Shot Misses the Net.
4:21 of 3rd period - Wrist shot by Mathias Emilio Pettersen.
4:21 of 3rd period - Shot Misses the Net.
4:57 of 3rd period - Snap shot by Michal Teply.
4:57 of 3rd period - Shot Blocked by Walker Duehr.
4:59 of 3rd period - Slapshot by Simon Nemec.
4:59 of 3rd period - Shot Blocked by Marcus Bjork.
5:01 of 3rd period - Snap shot by Simon Nemec.
5:01 of 3rd period - Shot Misses the Net.
5:13 of 3rd period - Simon Nemec is hit by Angus Crookshank and loses puck.
5:32 of 3rd period - Backhand shot by Mitchell Chaffee.
5:32 of 3rd period - Stopped by Erik Kallgren with a rebound.
5:34 of 3rd period - Snap shot by Gage Goncalves.
5:34 of 3rd period - Stopped by Erik Kallgren with a rebound.
5:43 of 3rd period - 10 Minutes Misconduct Penalty to Connor Bunnaman is over.
7:01 of 3rd period - Minor Penalty to Kevin Connauton for Interference.
7:02 of 3rd period - Connor McMichael wins face-off versus Jean-Sebastien Dea in Manchester Monarchs zone.
7:13 of 3rd period - Julien Gauthier is hit by Filip Kral and loses puck.
8:29 of 3rd period - Slapshot by Ville Heinola.
8:29 of 3rd period - Stopped by Erik Kallgren without a rebound.
8:30 of 3rd period - Jean-Sebastien Dea wins face-off versus Brendan Lemieux in Manchester Monarchs zone.
8:53 of 3rd period - Penalty to Daemon Hunt is over, Daemon Hunt is back on ice.
9:01 of 3rd period - Penalty to Kevin Connauton is over, Kevin Connauton is back on ice.
9:11 of 3rd period - Wrist shot by Michal Teply.
9:11 of 3rd period - Stopped by Erik Kallgren without a rebound.
9:12 of 3rd period - William Eklund wins face-off versus Kristian Reichel in Manchester Monarchs zone.
9:23 of 3rd period - Snap shot by Simon Holmstrom.
9:23 of 3rd period - Shot Misses the Net.
9:25 of 3rd period - Wrist shot by Simon Holmstrom.
9:25 of 3rd period - Stopped by Erik Kallgren without a rebound.
9:26 of 3rd period - Jean-Sebastien Dea wins face-off versus Connor Bunnaman in Manchester Monarchs zone.
9:26 of 3rd period - Simon Nemec and Brendan Lemieux fight to a draw.
9:26 of 3rd period - Penalty to Simon Nemec for Fighting.
9:26 of 3rd period - Penalty to Brendan Lemieux for Fighting.
9:27 of 3rd period - Jean-Sebastien Dea wins face-off versus Cole Guttman in Manchester Monarchs zone.
9:30 of 3rd period - Wrist shot by Jean-Sebastien Dea.
9:30 of 3rd period - Stopped by Erik Kallgren with a rebound.
9:53 of 3rd period - Pierre-Olivier Joseph is hit by Brady Keeper and loses puck.
10:13 of 3rd period - Snap shot by William Eklund.
10:13 of 3rd period - Stopped by Jaxson Stauber with a rebound.
10:15 of 3rd period - Snap shot by William Eklund.
10:15 of 3rd period - Shot Blocked by Sampo Ranta.
10:17 of 3rd period - Snap shot by Adam Beckman.
10:17 of 3rd period - Shot Misses the Net.
10:49 of 3rd period - Snap shot by Mitchell Chaffee.
10:49 of 3rd period - Shot Misses the Net.
11:32 of 3rd period - Slapshot by Jean-Sebastien Dea.
11:32 of 3rd period - Shot Blocked by Brady Keeper.
11:34 of 3rd period - Snap shot by Boris Katchouk.
11:34 of 3rd period - Goal by Boris Katchouk - Manchester Monarchs : 8 - Drummondville Voltigeurs : 3.
11:35 of 3rd period - Elliot Desnoyers wins face-off versus Jean-Sebastien Dea in neutral zone.
11:37 of 3rd period - Minor Penalty to Marcus Bjork for Boarding.
11:38 of 3rd period - Jean-Sebastien Dea wins face-off versus Connor McMichael in Manchester Monarchs zone.
11:42 of 3rd period - Snap shot by Boris Katchouk.
11:42 of 3rd period - Shot Misses the Net.
11:44 of 3rd period - Slapshot by Markus Niemelainen.
11:44 of 3rd period - Deflect By Jean-Sebastien Dea.
11:44 of 3rd period - Shot Blocked by William Eklund.
11:44 of 3rd period - Puck is out of play.
11:45 of 3rd period - Connor McMichael wins face-off versus Jean-Sebastien Dea in Manchester Monarchs zone.
13:37 of 3rd period - Penalty to Marcus Bjork is over, Marcus Bjork is back on ice.
14:05 of 3rd period - Slapshot by William Eklund.
14:05 of 3rd period - Shot Misses the Net.
14:11 of 3rd period - Daemon Hunt is hit by Gage Goncalves and loses puck.
14:51 of 3rd period - Brady Lyle is hit by David Gustafsson.
15:25 of 3rd period - Martin Chromiak is hit by Connor Bunnaman and loses puck.
15:36 of 3rd period - Brady Keeper is hit by Kristian Reichel and loses puck.
16:27 of 3rd period - Icing by Filip Kral.
16:28 of 3rd period - Kristian Reichel wins face-off versus Walker Duehr in Manchester Monarchs zone.
17:00 of 3rd period - Wrist shot by Mitchell Chaffee.
17:00 of 3rd period - Stopped by Erik Kallgren with a rebound.
17:02 of 3rd period - Slapshot by Brandon Davidson.
17:02 of 3rd period - Shot Misses the Net.
17:04 of 3rd period - Snap shot by Gage Goncalves.
17:04 of 3rd period - Shot Misses the Net.
17:13 of 3rd period - Off-side.
17:14 of 3rd period - Kevin Rooney wins face-off versus Cole Guttman in neutral zone.
17:38 of 3rd period - Wrist shot by Martin Chromiak.
17:38 of 3rd period - Goal by Martin Chromiak - Manchester Monarchs : 8 - Drummondville Voltigeurs : 4.
17:39 of 3rd period - Jean-Sebastien Dea wins face-off versus Cole Guttman in neutral zone.
17:42 of 3rd period - Snap shot by Boris Katchouk.
17:42 of 3rd period - Stopped by Erik Kallgren with a rebound.
17:45 of 3rd period - Icing by Connor Bunnaman.
17:46 of 3rd period - Jean-Sebastien Dea wins face-off versus Cole Guttman in Manchester Monarchs zone.
18:10 of 3rd period - Minor Penalty to Walker Duehr for Hooking.
18:11 of 3rd period - Cole Guttman wins face-off versus Jean-Sebastien Dea in Manchester Monarchs zone.
Goals for this period are 2 for Manchester Monarchs vs 2 for Drummondville Voltigeurs.
Shots for this period are 5 for Manchester Monarchs vs 16 for Drummondville Voltigeurs.